 Dungeon Crawl Stone Soup version 0.21.1-1-g345015f (webtiles) character file.

133955 PipsiMox the Bludgeoner (level 16, -10/151 HPs)
             Began as a Minotaur Fighter on May 2, 2018.
             Was the Champion of the Shining One.
             Blown up by an orb spider (28 damage)
             ... with a wavering orb of destruction
             ... on level 4 of the Spider Nest on May 4, 2018.
             The game lasted 01:57:21 (25001 turns).

PipsiMox the Bludgeoner (Minotaur Fighter)         Turns: 25001, Time: 01:57:22

Health: -10/151    AC: 30    Str: 36    XL:     16   Next: 61%
Magic:  9/22       EV:  8    Int:  5    God:    the Shining One [******]
Gold:   1593       SH:  0    Dex: 23    Spells: 15/15 levels left

rFire    x . .     SeeInvis .   P - +2 morningstar (venom)
rCold    . . .     Gourm    .   c - +0 shield
rNeg     + + +     Faith    +   d - +10 scale mail "Deisuh" {rF- Str+4}
rPois    .         Spirit   .   S - +2 hat {MR+}
rElec    .         Reflect  .   x - scarf {cloud immunity}
rCorr    .         Harm     .   u - +2 pair of gloves
MR       ++...                  w - +2 pair of boots
Stlth    +.........             C - amulet "Ileetrat" {Faith Dex+7}
HPRegen  0.35/turn              N - +3 ring of slaying
MPRegen  0.18/turn              j - +5 ring of dexterity

@: mighty, lethally poisoned (-10 -> -18), divine shield, held, glowing
A: retaliatory headbutt, horns 2, slimy green scales 1, blurry vision 2
a: Divine Shield, Cleansing Flame, Summon Divine Warrior, Brand Weapon With Holy
Wrath, Renounce Religion


You were on level 4 of the Spider Nest.
You worshipped the Shining One.
The Shining One was exalted by your worship.
You were very hungry.

You visited 4 branches of the dungeon, and saw 26 of its levels.
You visited the Abyss 1 time.
You also visited: Labyrinth, Sewer and Ossuary.

You collected 2217 gold pieces.
You spent 624 gold pieces at shops.

Inventory:

Hand Weapons
 K - a +2 great mace of freezing
 P - a +2 morningstar of venom (weapon)
Armour
 c - a +0 shield (worn)
 d - the +10 scale mail "Deisuh" (worn) {rF- Str+4}
   (You found it on level 2 of the Spider Nest)

   It affects your strength (+4).
   It makes you vulnerable to fire.
 u - a +2 pair of gloves (worn)
 w - a +2 pair of boots (worn)
 x - a scarf of cloud immunity (worn)
 y - a +3 plate armour
 G - +0 fire dragon scales
 S - a +2 hat of magic resistance (worn)
Jewellery
 b - an uncursed ring of resist corrosion
 h - an uncursed amulet of guardian spirit
 j - a +5 ring of dexterity (right hand)
 m - a +2 amulet of reflection
 B - an uncursed ring of see invisible
 C - the amulet "Ileetrat" (around neck) {Faith Dex+7}
   (You took it off an orc on level 6 of the Dungeon)

   [amulet of faith]

   It allows you to gain divine favour quickly.
   It affects your dexterity (+7).
 N - a +3 ring of slaying (left hand)
 Q - the ring of the Traitor {rElec rN+}
   (You found it on level 9 of the Dungeon)

   [ring of positive energy]

   It insulates you from electricity.
   It protects you from negative energy.
Wands
 D - a wand of enslavement (45)
 I - a wand of paralysis (17)
 O - a wand of flame (153)
 V - a wand of disintegration (17)
 X - a wand of acid (23)
 Y - a wand of scattershot (11)
Scrolls
 g - 12 scrolls of remove curse
 i - 9 scrolls of identify
 n - 2 scrolls of enchant armour
 p - 6 scrolls of teleportation
 q - 8 scrolls of blinking
 v - 6 scrolls of magic mapping
 A - 5 scrolls of amnesia
 E - 7 scrolls of fear
 F - a scroll of summoning
 H - a scroll of brand weapon
 L - 4 scrolls of fog
Potions
 a - 2 potions of agility
 e - 8 potions of flight
 k - 2 potions of curing
 l - 6 potions of haste
 o - 2 potions of ambrosia
 r - 2 potions of cancellation
 s - 9 potions of lignification
 t - 4 potions of brilliance
 z - 3 potions of might
 R - 4 potions of resistance
 T - a potion of heal wounds
Miscellaneous
 U - a phantom mirror
Comestibles
 f - 48 rations


   Skills:
 + Level 15.8 Fighting
 + Level 18.7 Maces & Flails
 + Level 13.6 Armour
 + Level 5.6 Dodging
 + Level 1.8 Stealth
 + Level 17.2 Shields
 * Level 10.1 Invocations
 + Level 0.2 Evocations


You had 15 spell levels left.
You didn't know any spells.

Dungeon Overview and Level Annotations

Branches:
Dungeon (15/15)            Temple (1/1) D:6            Lair (6/6) D:11
  Swamp (0/4) Lair:3       Spider (4/4) Lair:4          Orc (0/2) D:10
 Vaults (0/5) D:14         Depths (0/5) D:15
  Slime: Lair:5-6

Altars:
Ashenzari
Cheibriados
Dithmenos
Elyvilon
Fedhas
Gozag
Hepliaklqana
Kikubaaqudgha
Makhleb
Nemelex Xobeh
Okawaru
Qazlal
Ru
Sif Muna
Trog
Uskayaw
Vehumet
Wu Jian
Xom
Yredelemnul
Zin
The Shining One
Jiyva

Shops:
D:6 ?   D:15 [

Portals:
Trove: D:13 (give +8 demon trident)

Annotations:
Lair:6 exclusion: 3 oklob plants
Spider:4 exclusion: Roxanne, Arachne, Roxanne


Innate Abilities, Weirdness & Mutations

You reflexively headbutt those who attack you in melee.
You have a pair of horns on your head.
You are partially covered in slimy green scales. (AC +2)
Scrolls take you longer to read.


Message History

You spit Arachne like a pig!!!
Arachne is heavily wounded!
You feel sick! You block Arachne's attack! You block the redback's attack!
You stick Arachne like a pincushion!!!!!!
Arachne looks as sick as possible!!!
Arachne is severely wounded!
You feel sick! You block Arachne's attack! You block the redback's attack!
The orb spider weaves a glowing orb of energy!
An orb of destruction comes into view!
You flatten Arachne like a pancake!!!!!!
You headbutt Arachne!!!!!!
Arachne is almost dead!
You feel sick!
Arachne's staff shoots out a stream of webbing!
The stream of webbing hits you!!!
You are caught in a web!!!
The redback bites you! * * * don't die
* * * The orb spider weaves a glowing orb of energy!
The wavering orb of destruction hits you!!! rip

.# ## ..# .##.#.# .#
#..#... .. ...##.#.#.##.
#.....^.^.#.####.#.#
#.)s.!#s.#.#..#.#.
####*#.....#..^#
#.s§ss....#^#^.
#.@##^#....# .# ### .#
###H...##..##.#..[. ...
#..###...#^....#..#
#..##......#..#†....#
..#....#.†#†.#..^#.....a
...^..#^.†......#^#....#
# #..##^##^##.....8.#
##....^.<# .#......
....#.#...#..#..#.


You could see Arachne, 3 orb spiders and a redback.

Vanquished Creatures
  Jorgrun (Spider:3)
  A tentacled starspawn (Abyss:1)
  The ghost of Trampli the Shatterer, an adept MiFi of Okawaru (Spider:3)
  A ghost moth (Spider:4)
  3 entropy weavers
  A minotaur (Lab)
  A fire dragon (Lair:6)
  3 vault guards (D:14)
  4 hydras
  2 catoblepae
  5 centaur warriors
  8 death yaks (Lair:6)
  5 two-headed ogres
  A tengu warrior (D:15)
  A vampire mage (D:15)
  Urug (Lair:2)
  Sonja (D:12)
  A deep elf knight (D:14)
  4 skeletal warriors (D:15)
  A fire crab (Lair:6)
  A swamp dragon (Lair:3)
  3 wizards (D:14)
  2 unseen horrors (D:13)
  A deep elf mage (D:13)
  A necromancer (D:15)
  2 lindwurms (Lair:6)
  12 orb spiders
  5 orc knights
  An anaconda skeleton (Abyss:1)
  A wolf spider zombie (D:13)
  4 ugly things
  15 wolf spiders
  A stone giant zombie (D:15)
  A cyclops (D:11)
  3 manticores
  5 moths of wrath
  10 elephants
  4 black mambas
  5 centaur skeletons
  10 torpor snails
  Psyche (D:11)
  13 spiny frogs
  7 komodo dragons
  A rime drake (Lair:6)
  10 demonic crawlers
  An ancient zyme (Abyss:1)
  An elf skeleton (D:15)
  25 jumping spiders
  6 meliai
  A merfolk (D:9)
  7 trolls
  6 blink frogs
  3 tyrant leeches (Lair:6)
  9 hornets
  11 polar bears
  5 slime creatures
  Prince Ribbit (Lair:2)
  2 raiju (Lair:6)
  9 hippogriffs
  A spriggan zombie (D:15)
  7 dream sheep (Lair:5)
  2 small abominations (Abyss:1)
  A tarantella (shapeshifter) (Abyss:1)
  A centaur simulacrum (D:15)
  3 wraiths
  A human (D:14)
  A ynoxinul (Abyss:1)
  56 redbacks
  51 yaks
  2 wyverns
  18 tarantellas
  2 chaos spawn (Abyss:1)
  4 vampire mosquitoes (D:15)
  2 large abominations (Abyss:1)
  5 wargs
  A tengu zombie (D:15)
  2 acid dragons
  A soldier ant (D:11)
  15 water moccasins
  Duvessa (D:5)
  5 porcupines
  15 hell hounds (Lair:6)
  15 black bears
  5 sky beasts
  17 orc warriors
  An ice beast (D:9)
  An eye of draining (D:13)
  4 phantoms
  A hornet zombie (D:6)
  7 ogres
  26 centaurs
  15 crocodiles
  13 wolves (Lair:6)
  3 big kobolds
  A wyvern zombie (D:11)
  Dowan (D:5)
  20 bullfrogs
  2 scorpions
  5 killer bees (D:11)
  9 wights (D:9)
  7 howler monkeys
  4 electric eels
  6 crimson imps
  2 bullfrog zombies
  2 centaur zombies
  8 jellies
  13 orc priests
  11 orc wizards
  7 hounds
  3 bullfrog skeletons
  3 iguanas
  6 worker ants
  A hound zombie (D:11)
  2 mummies
  A worker ant zombie (D:7)
  11 adders
  4 gnolls (D:4)
  2 river rats
  4 shadow imps
  3 oozes
  An adder zombie (D:4)
  An adder skeleton (D:9)
  2 worms
  4 dart slugs
  6 leopard geckos
  87 orcs
  10 bats
  4 giant cockroaches
  8 goblins
  7 hobgoblins
  17 jackals
  32 kobolds
  2 quokkas
  6 ball pythons
  6 frilled lizards
  A giant cockroach zombie (D:6)
  3 gnoll skeletons (Ossuary)
  2 jackal skeletons
  8 kobold skeletons (Ossuary)
  A leopard gecko skeleton (D:8)
  14 orc skeletons (Ossuary)
  A quokka zombie (D:9)
  54 rats
  A lurking horror (Abyss:1)
  2 plants
975 creatures vanquished.

Vanquished Creatures (others)
  A hydra (Lair:6)
  A yak (Lair:3)
  A crocodile (Lair:3)
  An orc (D:7)
  2 fungi
  7 plants
  4 starspawn tentacles (Abyss:1)
17 creatures vanquished.

Grand Total: 992 creatures vanquished

Notes
Turn   | Place    | Note
-------+----------+-------------------------------------------
     0 | D:1      | PipsiMox the Minotaur Fighter began the quest for the Orb.
     0 | D:1      | Reached XP level 1. HP: 19/19 MP: 0/0
   243 | D:1      | Reached XP level 2. HP: 27/27 MP: 1/1
   974 | D:2      | Reached XP level 3. HP: 32/33 MP: 2/2
   989 | D:2      | Reached skill level 3 in Maces & Flails
   989 | D:2      | Reached XP level 4. HP: 29/40 MP: 3/3
  1198 | D:2      | Reached skill level 4 in Maces & Flails
  1630 | D:2      | Reached XP level 5. HP: 46/46 MP: 4/4
  2588 | D:4      | Noticed a phantom
  2636 | D:4      | Killed a phantom
  2636 | D:4      | Reached skill level 5 in Maces & Flails
  2636 | D:4      | Reached XP level 6. HP: 36/53 MP: 5/5
  2656 | D:4      | Reached skill level 1 in Dodging
  2661 | D:4      | Reached skill level 6 in Maces & Flails
  2668 | D:4      | Reached skill level 5 in Shields
  2907 | D:4      | Reached skill level 5 in Armour
  2968 | D:4      | Reached XP level 7. HP: 39/60 MP: 6/6
  2973 | D:4      | Reached skill level 7 in Maces & Flails
  3198 | D:4      | Reached skill level 8 in Maces & Flails
  3292 | D:4      | Reached skill level 5 in Fighting
  3595 | D:5      | Entered Level 5 of the Dungeon
  3683 | D:5      | Reached XP level 8. HP: 41/68 MP: 7/7
  3687 | D:5      | Reached skill level 9 in Maces & Flails
  3690 | D:5      | Noticed Duvessa
  3697 | D:5      | Noticed Dowan
  3697 | D:5      | Killed Duvessa
  3700 | D:5      | Killed Dowan
  4093 | D:5      | Reached skill level 10 in Maces & Flails
  4095 | D:5      | Found a glowing drain.
  4139 | Sewer    | Entered a sewer
  4956 | D:6      | Found a staircase to the Ecumenical Temple.
  4980 | Temple   | Entered the Ecumenical Temple
  5070 | Temple   | Became a worshipper of the Shining One
  5244 | D:6      | Noticed a troll
  5250 | D:6      | Killed a troll
  5259 | D:6      | Got a pitted amethyst amulet
  5329 | D:6      | Reached XP level 9. HP: 75/75 MP: 8/8
  5402 | D:6      | Reached skill level 11 in Maces & Flails
  5746 | D:6      | Found Gelaec's Magic Scroll Shop.
  5753 | D:6      | Bought a scroll of brand weapon for 240 gold pieces
  5753 | D:6      | Bought a scroll of vulnerability for 90 gold pieces
  5756 | D:6      | Identified the amulet "Ileetrat" {Faith Dex+7} (You took it off an orc on level 6 of the Dungeon)
  5916 | D:7      | Reached * piety under the Shining One
  5982 | D:7      | Found a white marble altar of Elyvilon.
  5989 | D:7      | Found a sand-covered staircase.
  5999 | Ossuary  | Entered an ossuary
  6009 | Ossuary  | Reached ** piety under the Shining One
  6077 | Ossuary  | Reached *** piety under the Shining One
  6181 | D:7      | Found a shimmering altar of Xom.
  6181 | D:7      | Found a sacrificial altar of Ru.
  6183 | D:7      | Found a stormy altar of Qazlal.
  6183 | D:7      | Found a glowing golden altar of the Shining One.
  6183 | D:7      | Found a shadowy altar of Dithmenos.
  6770 | D:8      | Reached **** piety under the Shining One
  6831 | D:8      | Reached skill level 12 in Maces & Flails
  7363 | D:9      | Noticed a red ugly thing
  7374 | D:9      | Killed a red ugly thing
  7599 | D:9      | Reached XP level 10. HP: 82/86 MP: 9/9
  7688 | D:9      | Reached skill level 13 in Maces & Flails
  7830 | D:9      | Found an iron altar of Okawaru.
  7830 | D:9      | Found a white marble altar of Elyvilon.
  7831 | D:9      | Found a snail-covered altar of Cheibriados.
  7832 | D:9      | Found a stormy altar of Qazlal.
  7834 | D:9      | Found a glowing silver altar of Zin.
  7883 | D:9      | Reached ***** piety under the Shining One
  8081 | D:9      | Got a twitching glass ring
  8124 | D:9      | Identified the ring of the Traitor {rElec rN+} (You found it on level 9 of the Dungeon)
  8126 | D:9      | Lost intelligence.
  8162 | D:10     | Entered Level 10 of the Dungeon
  8539 | D:10     | Noticed a two-headed ogre
  8548 | D:10     | Killed a two-headed ogre
  8551 | D:10     | Found a staircase to the Orcish Mines.
  8555 | D:10     | Reached skill level 14 in Maces & Flails
  8793 | D:11     | Noticed Psyche
  8801 | D:11     | Killed Psyche
  8820 | D:11     | Reached skill level 1 in Stealth
  8827 | D:11     | Reached XP level 11. HP: 84/95 MP: 10/10
  8955 | D:11     | Found a staircase to the Lair.
  9320 | D:11     | Reached skill level 10 in Shields
  9959 | D:12     | Noticed Sonja
  9964 | D:12     | Noticed a brown ugly thing
  9968 | D:12     | Cast into level 1 of the Abyss (Sonja)
 10105 | Abyss:1  | Noticed a wretched star
 10150 | Abyss:1  | Noticed a tentacled starspawn
 10177 | Abyss:1  | Killed a tentacled starspawn
 10177 | Abyss:1  | Reached skill level 15 in Maces & Flails
 10216 | Abyss:1  | Reached ****** piety under the Shining One
 10288 | D:12     | Escaped the Abyss
 10390 | D:12     | The Shining One protects you from harm!
 10695 | D:12     | Killed a brown ugly thing
 10893 | D:12     | Reached XP level 12. HP: 73/106 MP: 11/11
 10896 | D:12     | Reached skill level 10 in Fighting
 11052 | D:12     | Killed Sonja
 11089 | D:12     | Noticed a two-headed ogre
 11095 | D:12     | Killed a two-headed ogre
 11442 | D:13     | Found a shattered altar of Ashenzari.
 11514 | D:13     | Found a portal to a secret trove of treasure.
 11626 | D:13     | Noticed a centaur warrior
 11632 | D:13     | Killed a centaur warrior
 11647 | D:13     | Reached skill level 16 in Maces & Flails
 11851 | D:13     | Found a labyrinth entrance.
 11861 | Lab      | Entered a labyrinth
 11982 | Lab      | Noticed a minotaur
 11993 | Lab      | Killed a minotaur
 11993 | Lab      | Reached skill level 10 in Armour
 11993 | Lab      | Reached skill level 1 in Invocations
 11997 | Lab      | Identified the Almanac of Ice and Contamination
 11999 | Lab      | Got a bone triple sword
 12004 | Lab      | Identified the +5 triple sword "Faplopt" {flame, Str+4} (You found it in a labyrinth)
 12007 | Lab      | Got a twisted leather armour
 12020 | Lab      | Identified the +3 leather armour of Gehenna {rC+ Regen+} (You found it in a labyrinth)
 12503 | D:14     | HP: 3/110 [orc/trident (8)]
 12725 | D:14     | Noticed a vault guard
 12772 | D:14     | Noticed a centaur warrior
 12781 | D:14     | Killed a centaur warrior
 13003 | D:14     | Killed a vault guard
 13003 | D:14     | Reached XP level 13. HP: 55/116 MP: 14/14
 13227 | D:14     | Found a gate to the Vaults.
 13795 | D:15     | Entered Level 15 of the Dungeon
 13885 | D:15     | Found Jiegibb's Armour Boutique.
 13902 | D:15     | Bought a +2 hat of magic resistance for 294 gold pieces
 14070 | D:15     | Got a smelly scale mail
 14081 | D:15     | Identified the +4 scale mail "Laashial" {*Drain rF+ Str+4} (You found it on level 15 of the Dungeon)
 14151 | D:15     | Reached skill level 17 in Maces & Flails
 14210 | D:15     | Reached skill level 5 in Invocations
 14242 | D:15     | Found a viscous altar of Jiyva.
 14594 | D:15     | Found a staircase to the Depths.
 14950 | D:11     | Reached XP level 14. HP: 127/127 MP: 17/17
 14987 | Lair:1   | Entered Level 1 of the Lair of Beasts
 15478 | Lair:2   | Noticed Urug
 15488 | Lair:2   | Killed Urug
 15952 | Lair:2   | Noticed Prince Ribbit
 15956 | Lair:2   | Killed Prince Ribbit
 16825 | Lair:3   | Found a staircase to the Swamp.
 16891 | Lair:3   | You fall through a shaft!
 17120 | Lair:4   | Found a hole to the Spider Nest.
 17954 | Lair:5   | Reached skill level 15 in Shields
 18793 | Lair:6   | Entered Level 6 of the Lair of Beasts
 18829 | Lair:6   | Reached XP level 15. HP: 125/138 MP: 19/19
 19333 | Lair:6   | Reached skill level 18 in Maces & Flails
 19529 | Lair:6   | Gained mutation: You passively map a small area around you. [potion of mutation]
 19529 | Lair:6   | Gained mutation: Your body sometimes deteriorates upon taking damage. [potion of mutation]
 19529 | Lair:6   | Gained mutation: You passively map the area around you. [potion of mutation]
 19529 | Lair:6   | Gained mutation: You are covered in fur. (AC +1) [potion of mutation]
 19530 | Lair:6   | Lost mutation: You passively map the area around you. [potion of mutation]
 19530 | Lair:6   | Lost mutation: Your body sometimes deteriorates upon taking damage. [potion of mutation]
 19530 | Lair:6   | Lost mutation: You are covered in fur. (AC +1) [potion of mutation]
 19530 | Lair:6   | Gained mutation: Your flesh is heat resistant. (rF+) [potion of mutation]
 19530 | Lair:6   | Gained mutation: Your magical capacity is low. (-10% MP) [potion of mutation]
 19530 | Lair:6   | Gained mutation: You have a pair of large horns on your head. [potion of mutation]
 20071 | Lair:6   | Found a runed door.
 20770 | Spider:1 | Entered Level 1 of the Spider Nest
 20925 | Spider:1 | Reached skill level 15 in Fighting
 21559 | Spider:1 | Lost mutation: Your flesh is heat resistant. (rF+) [potion of mutation]
 21559 | Spider:1 | Lost mutation: Your magical capacity is low. (-10% MP) [potion of mutation]
 21559 | Spider:1 | Lost mutation: You have a pair of large horns on your head. [potion of mutation]
 21559 | Spider:1 | Lost mutation: You passively map a small area around you. [potion of mutation]
 21559 | Spider:1 | Gained mutation: Scrolls take you a little longer to read. [potion of mutation]
 21559 | Spider:1 | Gained mutation: Scrolls take you longer to read. [potion of mutation]
 21559 | Spider:1 | Gained mutation: You are partially covered in slimy green scales. (AC +2) [potion of mutation]
 22099 | Spider:1 | Reached XP level 16. HP: 149/149 MP: 21/21
 22394 | Spider:2 | Got a heavily runed scale mail
 22420 | Spider:2 | Identified the +10 scale mail "Deisuh" {rF- Str+4} (You found it on level 2 of the Spider Nest)
 24141 | Spider:3 | Reached skill level 5 in Dodging
 24257 | Spider:3 | Noticed Trampli's ghost (adept MiFi)
 24293 | Spider:3 | Killed Trampli's ghost
 24433 | Spider:3 | Noticed Jorgrun
 24453 | Spider:3 | Killed Jorgrun
 24589 | Spider:3 | Reached skill level 10 in Invocations
 24912 | Spider:4 | Entered Level 4 of the Spider Nest
 24918 | Spider:4 | Noticed Roxanne
 24980 | Spider:4 | Noticed Arachne
 25001 | Spider:4 | Blown up by an orb spider

Skill      XL: |  1  2  3  4  5  6  7  8  9 10 11 12 13 14 15 16 |
---------------+-------------------------------------------------+-----
Armour         | 4 5 6 7 9 10 11 12 13 | 13.6
Fighting       | 4 5 7 8 9 11 12 14 15 | 15.8
Shields        | 4 5 6 7 9 11 12 13 15 16 17 | 17.2
Maces & Flails | 3 4 5 6 8 10 12 14 15 16 17 18 | 18.7
Dodging        | 1 2 3 4 5 |  5.6
Stealth        | 1 |  1.8
Invocations    | 3 5 7 9 10 | 10.1
Evocations     | |  0.2

Action                   |  1- 3 |  4- 6 |  7- 9 | 10-12 | 13-15 | 16-18 || total
-------------------------+-------+-------+-------+-------+-------+-------++-------
Melee: Flail             |    80 |   120 |       |       |       |       ||   200
       Headbutt          |     6 |    33 |    81 |   193 |   377 |    97 ||   787
       Morningstar       |       |    73 |   373 |   546 |  1085 |   264 ||  2341
       Great mace        |       |       |       |       |       |    10 ||    10
Invok: Divine Shield     |       |       |       |     4 |     1 |     3 ||     8
       Cleansing Flame   |       |       |       |       |     1 |       ||     1
 Abil: Evoke Berserk Rag |       |       |     1 |       |       |       ||     1
  Use: Scroll            |       |     8 |     8 |    12 |    14 |     7 ||    49
       Potion            |       |     2 |     3 |     8 |     6 |     5 ||    24
  Eat: Chunk             |       |     7 |    16 |    14 |    29 |    10 ||    76
       Ration            |       |       |       |     1 |       |       ||     1
Armor: Scale mail        |    41 |    76 |    39 |       |       |   164 ||   320
       Plate armour      |       |       |    80 |   210 |   594 |     7 ||   891
Dodge: Dodged            |    20 |    55 |    82 |   132 |   345 |   145 ||   779
Block: Shield            |    40 |    90 |   161 |   436 |   884 |   256 ||  1867
